 Dungeon Crawl Stone Soup version 0.21-a0-221-gfe971b9 (webtiles) character file.

30 Gorglomux the Digger (level 3, -2/30 HPs)
             Began as a Hill Orc Earth Elementalist on Aug 26, 2017.
             Slain by a gnoll
             ... wielding a +0 flail
              (15 damage)
             ... on level 1 of the Dungeon.
             The game lasted 00:02:51 (2308 turns).

Gorglomux the Digger (Hill Orc Earth Elementalist)  Turns: 2308, Time: 00:02:52

Health: -2/30      AC:  2    Str: 11    XL:     3   Next: 18%
Magic:  4/5        EV: 11    Int: 15    God:
Gold:   89         SH:  3    Dex: 11    Spells: 4/5 levels left

rFire    . . .     SeeInvis .   h - -3 mace (curse)
rCold    . . .     Gourm    .   D - +0 buckler
rNeg     . . .     Faith    .   c - +0 robe
rPois    .         Spirit   .   (no helmet)
rElec    .         Reflect  .   (no cloak)
rCorr    .         Harm     .   (no gloves)
MR       .....                  (no boots)
Stlth    ++........             (no amulet)
HPRegen  0.10/turn              (no ring)
MPRegen  0.09/turn              (no ring)

@: no status effects
A: no striking features
a: no special abilities


You were on level 1 of the Dungeon.
You were hungry.

You visited 1 branch of the dungeon, and saw 2 of its levels.

You collected 89 gold pieces.

Inventory:

Hand Weapons
 h - a cursed -3 mace (weapon)
Missiles
 b - 34 stones (quivered)
Armour
 c - a +0 robe (worn)
 D - a +0 buckler (worn)
Scrolls
 i - 2 scrolls of remove curse {unknown}
 A - a scroll of enchant armour {unknown}
 C - a scroll of recharging {unknown}
Potions
 f - 2 potions of heal wounds {unknown}
 B - 4 potions of curing {unknown}
Books
 e - a book of Geomancy

   Spells                             Type                      Level
   a - Sandblast                      Earth                        1
   b - Passwall                       Transmutation/Earth          2
   c - Stone Arrow                    Conjuration/Earth            3
   d - Petrify                        Transmutation/Earth          4
   e - Lee's Rapid Deconstruction     Earth                        5
Comestibles
 d - 2 bread rations
 z - a meat ration


   Skills:
 + Level 2.8 Fighting
 - Level 1.5 Dodging
 - Level 1.5 Stealth
 + Level 1.2 Shields
 - Level 1.5 Spellcasting
   Level 0.6 Transmutations
 - Level 3.0 Earth Magic


You had 4 spell levels left.
You knew the following spells:

 Your Spells              Type           Power        Failure   Level  Hunger
a - Sandblast             Erth           ##....       10%         1    ##.....


Dungeon Overview and Level Annotations

Branches:
Dungeon (2/15)

Altars:


Message History

You see here a club!
You see here a spear!
The butt completely misses you!
Sorry, you're not good enough to have a special ability!
Casting: Sandblast Butt with ! or Enter, or press ? or * to list all spells!
You don't know that spell!
Sorry, you're not good enough to have a special ability!
Unknown command!
Casting: Sandblast
Confirm with ! or Enter, or press ? or * to list all spells!
Aiming: Sandblast
Press: ? - help, Shift-Dir - straight line, f - gnoll
Aim: a gnoll, wielding a whip The blast of sand hits the gnoll!
b - 34 stones The gnoll hits you with a whip!
The gnoll hits you with a flail!!!
DANG rip

#####.#######.###########
#..# #.# ##.# ####.#
#########.###.g..#
#...........#'#..#
#...........#.##.#
#...#..#.)#.#'##.#
#........§).'....#
#<.......)8@####.#
#........≈gg'....#
######...#..#..#.#'##.#
.....#...........#)#..#
###.##...........#'#'#####
# #.##########.###.......#
# #.#................)...#
###.#.#############......#
.##.#.# #......#


You could see 2 gnolls.

Vanquished Creatures
  A gnoll (D:1)
  A dart slug (D:1)
  A leopard gecko (D:1)
  4 goblins
  3 hobgoblins (D:1)
  A kobold (D:2)
  5 bats
  2 frilled lizards (D:2)
  6 rats (D:1)
24 creatures vanquished.

Vanquished Creatures (others)
  2 gnolls (D:1)
  A bat (D:1)
  A giant cockroach (D:1)
4 creatures vanquished.

Grand Total: 28 creatures vanquished

Notes
Turn   | Place    | Note
-------+----------+-------------------------------------------
     0 | D:1      | Gorglomux the Hill Orc Earth Elementalist began the quest for the Orb.
     0 | D:1      | Reached XP level 1. HP: 14/14 MP: 3/3
   176 | D:1      | Reached skill level 1 in Fighting
   409 | D:1      | Reached XP level 2. HP: 9/24 MP: 2/4
  1773 | D:2      | Reached XP level 3. HP: 14/30 MP: 5/5
  1958 | D:2      | Reached skill level 1 in Shields
  2308 | D:1      | Slain by a gnoll

Vault maps used:
D:1:      shiori_arrival_oz, minivault_24
D:2:      chequers_ecumenical_altar_simple_redux, uniq_crazy_yiuf_cottage

Skill      XL: |  1  2  3 |
---------------+----------+-----
Fighting       | 1 2 |  2.8
Shields        | 1 |  1.2
Dodging        | |  1.5
Stealth        | |  1.5
Spellcasting   | |  1.5
Transmutations | |  0.6
Earth Magic    | |  3.0

Action                   || total
-------------------------++-------
Melee: Mace              ||   125
       Unarmed           ||     2
 Cast: Sandblast         ||     9
 Stab: Sleeping          ||     3
  Eat: Chunk             ||     4
Armor: Robe              ||    47
Dodge: Dodged            ||   116
Block: Buckler           ||    13

Table legend:
 A = Spawn XP
 B = Non-spawn XP
 C = Spawn XP percentage of total XP
 D = Spawn monster count
 E = Non-spawn monster count
 F = Spawn count percentage of total count
 G = Total turns spent on level
                    A         B        C        D         E        F      G
               +---------+---------+-------+---------+---------+-------+---------
         Total |       6 |      37 |  14.0 |       4 |      20 |  16.7 |  2308
               +---------+---------+-------+---------+---------+-------+---------
           D:1 |       6 |      29 |  17.1 |       4 |      15 |  21.1 |  1978
           D:2 |       0 |       8 |   0.0 |       0 |       5 |   0.0 |   330
               +---------+---------+-------+---------+---------+-------+---------
